AoeStats
← Noobieski

Arabian Desert

509865390Analyzed
1v1 RM · 4d ago on Sep 28, 2026· 58m 7s· 2 players
Game mode
Random Map
Map size
Tiny (2 player)
Population
200
Speed
Normal
Resources
Standard
Victory
Conquest
Starting age
Dark Age
Ending age
Imperial Age
RankedLock teamsTeams togetherTeam positionsShared explorationLock speedFull tech treeHidden civsTurbo modeCheats
Victory
Defeat
🇨🇳 Franks · China
1052
+17
🇨🇳 Georgians · China
1077
-17
2499520517
10:29 Feudal Age
15:44 Forging
20:19 Castle Age
21:39 Iron Casting
23:04 Scale Barding Armor
25:08 Gold Mining
28:34 Gold Shaft Mining
30:23 Wheelbarrow
31:29 Pikeman
33:46 Chain Barding Armor
36:03 Hand Cart
43:01 Imperial Age
43:07 Cavalier
44:01 Chivalry
44:23 Conscription
45:57 Blast Furnace
52:38 Plate Barding Armor
52:53 Paladin
54:32 Ballistics
55:13 Chemistry
Noobieski
4:19 Loom
12:15 Feudal Age
16:59 Castle Age
15:28 Double-Bit Axe
15:53 Horse Collar
27:30 Wheelbarrow
28:28 Pikeman
29:08 Squires
39:03 Scale Barding Armor
39:10 Forging
42:35 Squires
42:38 Scale Mail Armor
45:22 Imperial Age
44:42 Bloodlines
44:33 Husbandry
45:59 Cavalier
47:12 Sanctity
46:20 Halberdier
48:12 Bow Saw
52:58 Capped Ram
54:22 Iron Casting
54:58 Gold Mining
Connection lost

Rejoining the realm…

Still unreachable

The connection could not be restored.

Session expired

The server has moved on; the page needs a fresh start.